 Dungeon Crawl Stone Soup version 0.18-b1-22-ge198996 (webtiles) character file.

74 Chiseanne the Magician (level 4, 30/30 HPs)
             Began as a Demonspawn Wizard on May 4, 2016.
             Quit the game on level 2 of the Dungeon.
             The game lasted 00:03:01 (1117 turns).

Chiseanne the Magician (Demonspawn Wizard)          Turns: 1117, Time: 00:03:02

Health: 30/30      AC:  5    Str:  7    XL:     4   Next: 10%
Magic:  9/9        EV: 11    Int: 21    God:
Gold:   46         SH:  0    Dex: 11    Spells: 1 memorised, 9 levels left

rFire  . . .     SeeInvis .     a - +3 whip (venom)
rCold  . . .     Gourm    .     f - +0 leather armour
rNeg   . . .     Faith    .     (no shield)
rPois  .         Spirit   .     (helmet restricted)
rElec  .         Dismiss  .     (no cloak)
rCorr  .         Reflect  .     k - +1 pair of gloves
SustAt .         Harm     .     (no boots)
MR     .....                    (no amulet)
Stlth  +.........               (no ring)
                                (no ring)

@: not resistant to hostile enchantments, very unstealthy
A: antennae 1, spiny 1
a: no special abilities


You were on level 2 of the Dungeon.
You were not hungry.

You visited 1 branch of the dungeon, and saw 2 of its levels.

You collected 46 gold pieces.

Inventory:

Hand Weapons
 a - a +3 whip of venom (weapon)
 m - a cursed -3 hunting sling
Missiles
 e - 61 stones (quivered)
 i - 19 bolts
 o - 27 arrows
Armour
 f - a +0 leather armour (worn)
 h - a cursed -1 helmet
 k - a +1 pair of gloves (worn)
Scrolls
 j - a scroll of remove curse
Potions
 l - a potion of heal wounds
Books
 c - a book of Minor Magic

   Spells                             Type                      Level
   a - Magic Dart                     Conjuration                  1
   b - Blink                          Translocation                2
   c - Call Imp                       Summoning                    2
   d - Repel Missiles                 Charms/Air                   2
   e - Slow                           Hexes                        2
   f - Conjure Flame                  Conjuration/Fire             3
   g - Mephitic Cloud                 Conjuration/Poison/Air       3
Comestibles
 b - 3 chunks of flesh
 d - 2 bread rations
 g - a meat ration


   Skills:
 - Level 1.7 Dodging
 - Level 1.7 Stealth
 * Level 3.8 Spellcasting
 * Level 3.0 Conjurations
   Level 1.0 Summonings
   Level 0.8 Translocations


You had 9 spell levels left.
You knew the following spells:

 Your Spells              Type           Power        Failure   Level  Hunger
a - Magic Dart            Conj           ###.         8%          1    None


Dungeon Overview and Level Annotations

Branches:
Dungeon (2/15)

Altars:


Innate Abilities, Weirdness & Mutations

You have a pair of small antennae on your head.
You are partially covered in sharp spines.


Message History

You barely miss the kobold. The kobold closely misses you.
The kobold is struck by your spines.
You kill the kobold!
n - a scroll labeled ANLIAZ AHUM You see here a short sword.
Read which item? (? for menu, Esc to quit)
You can't read that!
Unknown command.
Read which item? (? for menu, Esc to quit)
As you read the scroll labeled ANLIAZ AHUM, it crumbles to dust.
It is a scroll of amnesia.
Forget which spell ([?*] list [ESC] exit)?
Forget which spell ([?*] list [ESC] exit)?
Okay, then.
Unknown command.
You aren't carrying any pieces of jewellery.
Unknown command.
Drink which item? (? for menu, Esc to quit)
It was a potion of heal wounds.
You feel much better.
Are you sure you want to abandon this character and quit the game? (Confirm with "yes".)

#.......# . #.......##
.# ###........# ..#.
...........## ....
..........#### .... #
#.#.........# ##.#
#.#........# ##.#
#.....@...# #.#
#.....)...# ##.#
#...#)..#.#
...########...##.##.#
##...............##.###>
#####.####..##.......%.
#.# #..##.###.###. #.#
#..##.# # ##.####..##)#


There were no monsters in sight!

Vanquished Creatures
  Terence (D:2)
  A gnoll (D:1)
  2 oozes (D:1)
  2 dart slugs
  3 bats (D:1)
  4 goblins
  4 hobgoblins
  2 giant newts (D:1)
  6 kobolds
  3 rats
28 creatures vanquished.

Notes
Turn   | Place    | Note
--------------------------------------------------------------
     0 | D:1      | Chiseanne the Demonspawn Wizard began the quest for the Orb.
     0 | D:1      | Reached XP level 1. HP: 13/13 MP: 4/4
   373 | D:1      | Gained mutation: You are partially covered in sharp spines. [demonic ancestry]
   373 | D:1      | Reached XP level 2. HP: 19/19 MP: 3/6
   930 | D:1      | Reached XP level 3. HP: 20/24 MP: 8/8
  1092 | D:2      | Noticed Terence
  1097 | D:2      | Killed Terence
  1097 | D:2      | Gained mutation: You have a pair of small antennae on your head. [demonic ancestry]
  1097 | D:2      | Reached XP level 4. HP: 24/30 MP: 9/9
  1117 | D:2      | Quit the game

Skill      XL: |  1  2  3 |
---------------+----------+-----
Conjurations   | 2 3 |  3.0
Dodging        | |  1.7
Stealth        | |  1.7
Spellcasting   | |  3.8
Summonings     | |  1.0
Translocations | |  0.8

Action                   |  1- 3 |  4- 6 || total
-------------------------+-------+-------++-------
Melee: Club              |    10 |       ||    10
       Whip              |    29 |     4 ||    33
 Cast: Magic Dart        |    15 |       ||    15
  Use: Scroll            |     5 |     1 ||     6
       Potion            |       |     1 ||     1
 Stab: Sleeping          |     3 |       ||     3
  Eat: Chunk             |       |     1 ||     1
Armor: Robe              |     5 |       ||     5
       Leather armour    |       |     2 ||     2
Dodge: Dodged            |    20 |     1 ||    21
